 Dungeon Sprint DCSS version 0.18-a0-1800-gdc7a371 (webtiles) character file.

128 Kidiri the Sneak (level 4, -1/34 HPs)
             Began as a Spriggan Enchanter on Apr 24, 2016.
             Slain by a neqoxec (7 damage)
             ... in the Dungeon (Sprint II: "The Violet Keep of Menkaure").
             The game lasted 00:00:42 (15 turns).

Kidiri the Sneak (Spriggan Enchanter)                 Turns: 15, Time: 00:00:43

Health: -1/34      AC:  3    Str:  9      XL:     4   Next: 86%
Magic:  6/12       EV: 22    Int: 14 (16) God:
Gold:   0          SH:  0    Dex: 17      Spells: 1 memorised, 13 levels left

rFire  . . .     SeeInvis +     a - +1 dagger
rCold  . . .     Gourm    .     b - +1 robe
rNeg   . . .     Faith    .     (shield restricted)
rPois  .         Spirit   .     (helmet restricted)
rElec  .         Dismiss  .     (no cloak)
rCorr  .         Reflect  .     (gloves unavailable)
SustAt .         Harm     .     (boots unavailable)
MR     .....     NoTele   +     (no amulet)
Stlth  ..........               (no ring)
                                (no ring)

@: berserking (expiring), very quick, not resistant to hostile enchantments,
extremely unstealthy
A: unfitting armour, see invisible, herbivore 3, speed 3, slow metabolism 2
a: no special abilities


You were in the Dungeon.
You were not hungry.

You visited 1 branch

Inventory:

Hand Weapons
 a - a +1 dagger (weapon)
Armour
 b - a +1 robe (worn)
Scrolls
 j - a scroll of blinking
Potions
 e - a potion of curing
 f - a potion of heal wounds
 g - a potion of haste
 h - 2 potions of magic
Books
 c - a book of Maledictions

   Spells                             Type                      Level
   a - Corona                         Hexes                        1
   b - Ensorcelled Hibernation        Hexes/Ice                    2
   c - Confuse                        Hexes                        3
   d - Tukima's Dance                 Hexes                        3
   e - Dazzling Spray                 Conjuration/Hexes            3
Comestibles
 d - a bread ration


   Skills:
 + Level 2.0 Fighting
 * Level 4.5 Short Blades
 + Level 1.9 Armour
 * Level 6.6 Dodging
 * Level 7.9 Stealth
 * Level 5.5 Spellcasting
 + Level 4.9 Hexes


You had 13 spell levels left.
You knew the following spells:

 Your Spells              Type           Power        Failure   Level  Hunger
a - Corona                Hex            ###....      2%          1    None


Dungeon Overview and Level Annotations

Branches:
Dungeon (1/1)

Altars:


Innate Abilities, Weirdness & Mutations

You are tiny and cannot use many weapons and most armour.
You have supernaturally acute eyesight.
You are a herbivore.
You cover ground extremely quickly.
You need consume almost no food.


Message History

Your Hexes skill increases to level 4!
You have reached level 2!
You have reached level 3!
Your experience leads to an increase in your attributes!
Your base attributes are Str 4, Int 16, Dex 16.
Increase (S)trength, (I)ntelligence, or (D)exterity?
You feel agile.
You have reached level 4!
You feel your intelligence returning.
The quasit disappears in a puff of smoke!
The crimson imp disappears in a puff of smoke!
The neqoxec gestures at you.
You feel dopey. Something feeds on your intellect!
You barely miss the neqoxec.
Unknown command.
You puncture the neqoxec!
The neqoxec is moderately wounded.
The neqoxec hits you!
You die...

## ###
3##5.
.35
#3#
##@##
+ยง<.+
##.##
#+#


You could see 3 neqoxecs, an iron imp and a crimson imp.

Vanquished Creatures
  A neqoxec (D)
1 creature vanquished.

Notes
Turn   | Place    | Note
--------------------------------------------------------------
     0 | D        | Kidiri the Spriggan Enchanter began the quest for the Orb.
     0 | D        | Reached XP level 1. HP: 9/9 MP: 5/5
     1 | D        | Noticed a neqoxec
     1 | D        | Noticed a neqoxec
     1 | D        | Noticed a neqoxec
     1 | D        | Noticed a neqoxec
     3 | D        | Noticed an iron imp
     3 | D        | Noticed a crimson imp
     8 | D        | Noticed a quasit
     8 | D        | Noticed a crimson imp
    13 | D        | Killed a neqoxec
    13 | D        | Reached skill level 1 in Armour
    13 | D        | Reached skill level 7 in Stealth
    13 | D        | Reached skill level 5 in Spellcasting
    13 | D        | Reached XP level 2. HP: 3/15 MP: 5/9
    13 | D        | Reached XP level 3. HP: 4/18 MP: 6/11
    13 | D        | Reached XP level 4. HP: 6/23 MP: 6/12
    15 | D        | Slain by a neqoxec

Vault maps used:
D:        the_violet_keep_of_menkaure

Skill      XL: |  1 |
---------------+----+-----
Fighting       | 2 |  2.0
Short Blades   | 4 |  4.5
Armour         | 1 |  1.9
Dodging        | 6 |  6.6
Stealth        | 7 |  7.9
Spellcasting   | 5 |  5.5
Hexes          | 4 |  4.9

Action                   |  1- 3 |  4- 6 || total
-------------------------+-------+-------++-------
Melee: Dagger            |    11 |     2 ||    13
  Use: Potion            |     1 |       ||     1
Armor: Robe              |     4 |       ||     4
Dodge: Dodged            |    11 |       ||    11
